[Event "MČR v rapid šachu družstev 2019"]
[Site "Teplice, Czech Republic"]
[Date "2019.09.15"]
[Round "7.18"]
[White "Sott, Pavel"]
[Black "Rolinek, Dominik"]
[Result "1-0"]
[TimeControl "15 min. + 5s"]
[WhiteElo "2179"]
[BlackElo "1999"]

1. e4 d6 2. d4 Nf6 3. Nc3 e5 4. Nf3 Nbd7 5. Bc4 Be7 6. O-O O-O 7. Re1 c6 8.
a4 a5 9.
h3 Nb6 10. Bf1 Nfd7 11. Be3 exd4 12. Nxd4 Nc5 13. Qf3 Bf6 14. b3 Ne6 15. Rad1 Nxd4 16. Bxd4 Bxd4 17. Rxd4 Qc7 18. Red1 d5 19.
exd5 cxd5 20. Nxd5 Nxd5 21. Rxd5 Qxc2 22. Bc4 Be6 23. R5d2 Qg6 24. Qxb7 h6 25. Rd6 Rab8 26. Qe7 Qf5 27.
Rxe6 1-0

[Event "MČR v rapid šachu družstev 2019"]
[Site "Teplice, Czech Republic"]
[Date "2019.09.15"]
[Round "7.19"]
[White "Hosnedl, Matyas"]
[Black "Kupka, Frantisek"]
[Result "1-0"]
[TimeControl "15 min. + 5s"]
[WhiteElo "1858"]
[BlackElo "2061"]

1. e4 d6 2. d4 e5 3. Nf3 Nd7 4.
Bc4 c6 5. O-O Be7 6. Re1 Ngf6 7. dxe5 dxe5 8. Nbd2 b5 9. Bb3 a6 10. c3 O-O 11. Nf1 Qc7 12. Ng3 Nc5 13. Bc2 g6 14.
Bh6 Rd8 15. Qe2 Ng4 16. Bg5 Bxg5 17. Nxg5 h6 18. Nf3 Ne6 19. Red1 Bb7 20. h3 Nf4 21. Qe1 Nf6 22. Ne2 N6h5 23.
Nxf4 Nxf4 24. Qe3 c5 25. Kh2 Kg7 26. Nd2 c4 27. a4 Bc6 28. axb5 axb5 29. b3 cxb3 30. Nxb3 Rxd1 31. Rxd1 Ra2 32. Rd2 Ne6 33. Bd1 Rxd2 34.
Nxd2 Qd6 35. Bb3 Nc5 36. Bc2 Ne6 37. c4 Nd4 38. Bd1 b4 39. Nb3 Nxb3 40. Bxb3 g5 41. c5 Qf6 42. g3 Qe7 43.
Bd5 Qb7 44. Qb3 Qb5 45. Bxc6 Qxc6 46. Qxb4 h5 47. Qc4 g4 48. Qd5 Qf6 49. Qd2 Kg6 50. hxg4 hxg4 51. Qe2 Kg5 52. Qe3+ Kg6 53. Kg2 Qc6 54. Qe2 Kg5 55. Qd2+ Kg6 56.
Qd6+ Qxd6 57. cxd6 Kf6 58. f4 gxf3+ 59. Kxf3 Ke6 60. Kg4 Kxd6 61. Kf5 Ke7 62. Kxe5 f6+ 63. Kf5 Kf7 64. g4 Ke7 65. Kg6 Ke6 66.
Kg7 Ke7 67. Kg6 Ke6 68. Kg7 Ke7 69.
Kg8 Ke8 70. Kh7 Kf7 71. e5 Ke6 72.
exf6 Kxf6 73. Kh6 Kf7 74. g5 Kg8 75.
Kg6 Kh8 76. Kf7 Kh7 77. g6 1-0

[Event "MČR v rapid šachu družstev 2019"]
[Site "Teplice, Czech Republic"]
[Date "2019.09.15"]
[Round "7.21"]
[White "Formanek, Martin"]
[Black "Wichs, Jakub"]
[Result "1-0"]
[TimeControl "15 min. + 5s"]
[WhiteElo "2185"]
[BlackElo "2090"]

1. e4 c5 2. Nf3 d6 3. c3 Nf6 4. Bd3 Nc6 5. Bc2 e6 6. O-O Be7 7. Re1 O-O 8. d4 cxd4 9. cxd4 Nb4 10.
Bb3 d5 11. e5 Ne4 12. Nc3 Nxc3 13. bxc3 Nc6 14. Bc2 Na5 15. Qd3 g6 16. Bh6 Re8 17. h3 Bd7 18. Nh2 a6 19. Ng4 Bb5 20.
Qf3 Rc8 21. a4 Bd7 22. g3 Rc4 23. h4 Rc7 24. h5 Nc6 25. Bb1 Nb8 26. Kg2 Bc6 27. Bd2 Rf8 28. Rh1 Nd7 29. Qe3 Re8 30.
Nh6+ Kg7 31. Nxf7 Kxf7 32. hxg6+ hxg6 33. Rh7+ Kg8 34. Qh6 1-0

[Event "MČR v rapid šachu družstev 2019"]
[Site "Teplice, Czech Republic"]
[Date "2019.09.15"]
[Round "7.22"]
[White "Sulc, Jaromir"]
[Black "Kopta, Pavel"]
[Result "0-1"]
[TimeControl "15 min. + 5s"]
[WhiteElo "2000"]
[BlackElo "2200"]

1. e4 c5 2. Nf3 d6 3. d4 cxd4 4. Nxd4 Nf6 5. Nc3 g6 6. Be2 Bg7 7. h4 h5 8. f3 Nc6 9. Be3 d5 10. Bb5 O-O 11. Nxc6 bxc6 12.
Bxc6 Rb8 13. Bxd5 Nxd5 14. Qxd5 Rxb2 15. O-O-O Qxd5 16. Nxd5 Rxa2 17. Nxe7+ Kh7 18. Kd2 Rd8+ 19. Nd5 Be6 20.
Bg5 f6 21. Bf4 Bxd5 22. exd5 Rxd5+ 23. Ke3 Rxd1 24. Rxd1 Rxc2 25. Ra1 g5 26. Bb8 Rxg2 27. hxg5 fxg5 28. Rxa7 Kg8 29. Bd6 Rg1 30. Rb7 Re1+ 31.
Kf2 Re6 32. Bc5 Rc6 33. Ba7 h4 34. Kg2 Rc3 35. Bb8 Re3 36. Ba7 Rd3 37. Bb8 Bf6 38. Ba7 Be5 39. Re7 Bf4 40. Rb7 g4 41. fxg4 h3+ 42. Kh1 Rd1+ 43. Kg2 0-1

[Event "MČR v rapid šachu družstev 2019"]
[Site "Teplice, Czech Republic"]
[Date "2019.09.15"]
[Round "7.23"]
[White "Chmel, Kristian"]
[Black "Sochor, Jiri"]
[Result "1-0"]
[TimeControl "15 min. + 5s"]
[WhiteElo "2129"]
[BlackElo "2249"]

1. e4 e5 2. Nf3 Nc6 3.
d4 exd4 4. Nxd4 Bc5 5. Be3 Qf6 6. c3 Nge7 7. g3 Nxd4 8. cxd4 Bb4+ 9. Nc3 Qc6 10. Qc2 O-O 11. Bg2 d5 12. O-O Bxc3 13.
bxc3 h6 14. exd5 Nxd5 15. Qb3 Be6 16. c4 Nxe3 17. Bxc6 Nxf1 18. Bd5 1-0

[Event "MČR v rapid šachu družstev 2019"]
[Site "Teplice, Czech Republic"]
[Date "2019.09.15"]
[Round "7.24"]
[White "Burgermeister, Michal"]
[Black "Routner, Jakub"]
[Result "1/2-1/2"]
[TimeControl "15 min. + 5s"]
[WhiteElo "1908"]
[BlackElo "2092"]

1. e4 c5 2. Nc3 Nc6 3. g3 g6 4. Bg2 Bg7 5. d3 d6 6. Nge2 Rb8 7. O-O b5 8. h3 b4 9. Nd5 e6 10. Ne3 Nge7 11. f4 f5 12. exf5 gxf5 13. Nc4 O-O 14.
c3 bxc3 15. bxc3 Nd5 16. Qc2 Re8 17. Bd2 Qc7 18. Rab1 Bd7 19. g4 Nb6 20. Nxb6 axb6 21. Ng3 Ne7 22. Nh5 Bh8 23. Rbe1 Nc6 24. c4 1/2-1/2

[Event "MČR v rapid šachu družstev 2019"]
[Site "Teplice, Czech Republic"]
[Date "2019.09.15"]
[Round "7.25"]
[White "Brejnik, Gustav"]
[Black "Slampa, Jan"]
[Result "0-1"]
[TimeControl "15 min. + 5s"]
[WhiteElo "2109"]
[BlackElo "2166"]

1. d4 Nf6 2. c4 g6 3. g3 Bg7 4. Bg2 O-O 5. Nc3 d6 6. Nf3 c5 7. d5 e6 8. O-O exd5 9. cxd5 Na6 10. Bf4 Nc7 11. a4 Nh5 12. Bg5 f6 13. Bd2 f5 14.
Bg5 Qd7 15. Qd2 b6 16. Rfe1 Bb7 17. e4 fxe4 18. Rxe4 Nf6 19. Bxf6 Bxf6 20. Rae1 Rae8 21. Qh6 Bxc3 22. bxc3 Rxe4 23.
Rxe4 Bxd5 24. Re3 Qg7 25. Qh4 Qf6 26. Qh6 Ne6 27. h4 Qg7 28. Qxg7+ Kxg7 29. Ng5 Nxg5 30. Bxd5 Nh3+ 31. Kg2 Nxf2 32. Re7+ Kh6 33. Rxa7 Nd1 34.
g4 Ne3+ 35. Kh3 g5 36. Be4 Rh8 37. Rd7 d5 38. Bxd5 Nxd5 39. Rxd5 gxh4 40. Rd6+ Kg5 41. Rxb6 Rd8 42. c4 Rd3+ 43. Kg2 Rc3 44. a5 Kxg4 45. a6 Rxc4 46. a7 Rc2+ 47. Kg1 Ra2 48. Rc6 Kg3 49. Kf1 Ra1+ 50. Ke2 Rxa7 51.
Rxc5 Rf7 52. Rg5+ Kh3 53. Ke3 Rf6 54. Rg7 Rg6 55. Rxh7 Kg3 56. Rf7 Re6+ 57. Kd4 0-1

[Event "MČR v rapid šachu družstev 2019"]
[Site "Teplice, Czech Republic"]
[Date "2019.09.15"]
[Round "7.27"]
[White "Sura, Jaroslav"]
[Black "Nudcenko, Karel"]
[Result "0-1"]
[TimeControl "15 min. + 5s"]
[WhiteElo "2025"]
[BlackElo "2110"]

1. e4 e6 2. d4 d5 3. Nc3 Bb4 4.
exd5 exd5 5. a3 Be7 6. Bd3 Nf6 7. Nge2 O-O 8. Bf4 c6 9. Qd2 Re8 10. f3 b5 11. g4 a5 12. h4 b4 13.
axb4 Bxb4 14. h5 Ba6 15. g5 Bxd3 16. Qxd3 Nfd7 17. g6 Nf8 18. gxf7+ Kxf7 19. Be5 Nbd7 20. Bf4 Qf6 21. O-O-O Bxc3 22.
bxc3 Rxe2 23. Qxe2 Qxf4+ 24. Kb2 Nb6 25. Rde1 Nc4+ 26. Kb3 Qb8+ 27. Ka4 Qd6 28. Kb3 Rb8+ 29. Ra1 Rb4+ 30. Ka4 0-1

[Event "MČR v rapid šachu družstev 2019"]
[Site "Teplice, Czech Republic"]
[Date "2019.09.15"]
[Round "7.28"]
[White "Tichy, Lukas"]
[Black "Pospichal, Michael"]
[Result "1-0"]
[TimeControl "15 min. + 5s"]
[WhiteElo "1869"]
[BlackElo "1756"]

1. e4 c6 2. Nc3 d5 3. Nf3 dxe4 4.
Nxe4 Bf5 5. Ng3 Bg6 6. h4 h6 7.
Ne5 Bh7 8. Bc4 e6 9. O-O Bd6 10. Qe2 Bxe5 11. Qxe5 Nf6 12. d3 Nbd7 13. Qd6 Nb6 14. Qxd8+ Rxd8 15. Bb3 O-O 16. Be3 Nfd5 17.
Bc5 Rfe8 18. Ne4 Bxe4 19. dxe4 Nf4 20. Rad1 Ng6 21. g3 Ne5 22. Bxb6 axb6 23. f4 Ng4 24. Rfe1 Kf8 25. Rd3 Rxd3 26. cxd3 Rd8 27. Bc2 e5 28. Kg2 Rd4 29. Kf3 h5 30.
fxe5 Nxe5+ 31. Ke3 c5 32. Rf1 g6 33. Rd1 Ke7 34. Kf4 f6 35. Ke3 Kd6 36. Rd2 b5 37. Bd1 c4 38. Kxd4 cxd3 39.
Rxd3 Nxd3 40. Kxd3 Ke5 41. Ke3 f5 42. Bc2 fxe4 43. Bxe4 1-0

[Event "MČR v rapid šachu družstev 2019"]
[Site "Teplice, Czech Republic"]
[Date "2019.09.15"]
[Round "8.2"]
[White "Zeman, Matyas"]
[Black "Kociscak, Jiri"]
[Result "1/2-1/2"]
[TimeControl "15 min. + 5s"]
[WhiteElo "2247"]
[BlackElo "2410"]

1. e4 e5 2. Nf3 Nc6 3. Bc4 Nf6 4.
d3 Be7 5. O-O O-O 6. Re1 d6 7. h3 Na5 8. c3 c6 9. Nbd2 h6 10. b4 Nxc4 11. dxc4 Be6 12. Qe2 Qc7 13. Bb2 a6 14.
a4 Nh5 15. Nd4 Nf4 1/2-1/2

[Event "MČR v rapid šachu družstev 2019"]
[Site "Teplice, Czech Republic"]
[Date "2019.09.15"]
[Round "8.5"]
[White "Bernasek, Jan"]
[Black "Formanek, Martin"]
[Result "1-0"]
[TimeControl "15 min. + 5s"]
[WhiteElo "2496"]
[BlackElo "2185"]

1. d4 Nf6 2. c4 g6 3. Nc3 Bg7 4. e4 d6 5. Nf3 O-O 6. h3 a6 7. a4 Nc6 8. Be2 Nd7 9. Be3 Nb4 10. Nd5 Nxd5 11. cxd5 c6 12.
dxc6 bxc6 13. O-O Rb8 14. Qc2 c5 15. Rab1 Qa5 16. Rfd1 Bb7 17. dxc5 Nxc5 18. Bxc5 dxc5 19. Bc4 Bc6 20.
b3 Rfd8 21. Bxf7+ Kxf7 22. Qc4+ Ke8 23. Qg8+ Bf8 24. Ne5 1-0

[Event "MČR v rapid šachu družstev 2019"]
[Site "Teplice, Czech Republic"]
[Date "2019.09.15"]
[Round "8.6"]
[White "Dvorak, Jan"]
[Black "Cernousek, Lukas"]
[Result "1/2-1/2"]
[TimeControl "15 min. + 5s"]
[WhiteElo "2211"]
[BlackElo "2478"]

1. c4 e5 2. Nc3 Nf6 3. g3 d5 4. cxd5 Nxd5 5. Bg2 Nb6 6. d3 Be7 7. Nf3 Nc6 8. O-O O-O 9. Be3 Re8 10.
Rc1 Bf8 11. Na4 Nd4 12. Bxd4 exd4 13. Nc5 a5 14. Nb3 g5 15. h3 Bg7 16. Qc2 a4 17.
Nbd2 Nd5 18. Ne4 h6 19. Qc4 Re7 20. Qc5 1/2-1/2

[Event "MČR v rapid šachu družstev 2019"]
[Site "Teplice, Czech Republic"]
[Date "2019.09.15"]
[Round "8.7"]
[White "Vrbata, Zbynek"]
[Black "Chmel, Kristian"]
[Result "1-0"]
[TimeControl "15 min. + 5s"]
[WhiteElo "2376"]
[BlackElo "2129"]

1. d4 Nf6 2. c4 g6 3. f3 d5 4. cxd5 Nxd5 5. e4 Nb6 6. Nc3 Bg7 7. Be3 O-O 8. Qd2 Nc6 9. O-O-O e5 10.
d5 Nd4 11. f4 c5 12. fxe5 Bxe5 13. Nf3 Nxf3 14. gxf3 Nd7 15. f4 Bg7 16. e5 b5 17. d6 b4 18. Nd5 Qa5 19. Kb1 Nb6 20.
Ne7+ Kh8 21. h4 h5 22. f5 Bxe5 23. Bd4 Bxf5+ 24. Nxf5 1-0

[Event "MČR v rapid šachu družstev 2019"]
[Site "Teplice, Czech Republic"]
[Date "2019.09.15"]
[Round "8.8"]
[White "Routner, Jakub"]
[Black "Kuba, Jindrich"]
[Result "1/2-1/2"]
[TimeControl "15 min. + 5s"]
[WhiteElo "2092"]
[BlackElo "2229"]

1. e4 c5 2. Nc3 e6 3. g3 Nc6 4.
Bg2 Nf6 5. d3 Be7 6. f4 d5 7. e5 Nd7 8. Nf3 f6 9. exf6 Nxf6 10. O-O O-O 11. h3 a6 12. Re1 Bd6 13. Ne5 Bc7 14.
Nxc6 bxc6 15. Kh2 Qe8 16. Ne2 Qh5 17. Ng1 Qxd1 18. Rxd1 e5 19. fxe5 Bxe5 20. Nf3 Bd6 21. Bf4 Bxf4 22.
gxf4 Nh5 23. Re1 Ra7 24. Ne5 Bd7 25. Nxd7 Rxd7 26. Re6 Rc7 27. Rae1 Nxf4 28. Re7 Rxe7 29. Rxe7 Rb8 30. b3 Nxg2 31.
Kxg2 c4 32. Rc7 cxb3 33. axb3 Rb6 34. Kf3 a5 1/2-1/2

[Event "MČR v rapid šachu družstev 2019"]
[Site "Teplice, Czech Republic"]
[Date "2019.09.15"]
[Round "8.9"]
[White "Vykouk, Jan"]
[Black "Krejci, Jan"]
[Result "1/2-1/2"]
[TimeControl "15 min. + 5s"]
[WhiteElo "2428"]
[BlackElo "2496"]

1. e4 e5 2. Nf3 Nc6 3. Bc4 Nf6 4. d3 Bc5 5. O-O O-O 6. Nbd2 d6 7. c3 a6 8. Bb3 Ba7 9. h3 Ne7 10.
Re1 Ng6 11. Nf1 h6 12. d4 Re8 13. Ng3 c6 14. Bc2 Qc7 15. Be3 Bd7 16. Qd2 d5 17. Nxe5 Nxe5 18. dxe5 Bxe3 19. Qxe3 Rxe5 20.
f4 Re7 21. e5 Nh7 22. Qd3 Nf8 23. Nh5 Qb6+ 24. Kh2 Qf2 25. f5 Ree8 26. Re2 Qh4 27. Qf3 Nh7 28. Nf4 Ng5 29. Qg4 Qxg4 30.
hxg4 Rad8 31. Rae1 Bc8 32. Nh3 d4 33. Nxg5 hxg5 34. Bb3 dxc3 35. bxc3 c5 36. e6 fxe6 37. fxe6 Re7 38. Re5 Rde8 39.
Bd5 b6 40. c4 g6 41. Rxg5 Kg7 42. Rge5 b5 43. Kg3 b4 44. Bc6 Rd8 45. Rd5 Rf8 46. Rxc5 Rxe6 47. Rxe6 Bxe6 48. Bb7 Rd8 49. Bxa6 Rd3+ 50. Kf4 Ra3 51. Rc7+ Kf8 52.
Bc8 Bf7 53. Rb7 Bxc4 54. Rxb4 Bf7 55. Bb7 Rxa2 56. Kg5 Kg7 57. Bf3 Ra5+ 58. Kf4 Ra7 59. Rb7 Rxb7 60. Bxb7 Kf6 61. g5+ Kg7 62.
Ke5 Bb3 63. Bd5 Bc2 64. g3 1/2-1/2

[Event "MČR v rapid šachu družstev 2019"]
[Site "Teplice, Czech Republic"]
[Date "2019.09.15"]
[Round "8.10"]
[White "Sorm, Daniel"]
[Black "Studnicka, Tomas"]
[Result "1/2-1/2"]
[TimeControl "15 min. + 5s"]
[WhiteElo "2313"]
[BlackElo "2379"]

1. d4 Nf6 2. c4 g6 3.
Nc3 Bg7 4. e4 d6 5. f4 O-O 6. Nf3 c5 7. dxc5 Qa5 8. Bd3 Qxc5 9. Qe2 Nc6 10. Be3 Qh5 11. h3 Nb4 12. O-O Nxd3 13. Qxd3 Be6 14. Nd5 Nxd5 15. cxd5 Bd7 16. Kf2 f5 17. e5 dxe5 18.
fxe5 f4 19. Bd4 Bf5 20. Qb3 Be4 21. Rfe1 Bxf3 22. Qxf3 Qf5 23. Rac1 Rac8 24. Bc3 Rc4 25. Rcd1 b5 26. a3 a5 27.
Rd4 Rfc8 28. Qe4 Qf7 29. Red1 g5 30. Bxa5 Qh5 1/2-1/2

[Event "MČR v rapid šachu družstev 2019"]
[Site "Teplice, Czech Republic"]
[Date "2019.09.15"]
[Round "8.11"]
[White "Sodoma, Jan"]
[Black "Strasil, Pavel"]
[Result "1/2-1/2"]
[TimeControl "15 min. + 5s"]
[WhiteElo "2358"]
[BlackElo "2097"]

1. Nf3 Nf6 2. c4 e6 3. g3 d5 4. Bg2 Be7 5. O-O O-O 6. d4 c5 7. cxd5 Nxd5 8. Nc3 Nxc3 9. bxc3 Nc6 10.
Bf4 Qa5 11. Qb3 cxd4 12. cxd4 Qb4 13. Qe3 Rd8 14. a3 Qa4 15. Rfd1 Bf6 16. Rd2 Na5 17. Rd3 Bd7 18. Ne5 Bb5 19.
Rdd1 Nc6 20. Nxc6 Bxc6 21. Bxc6 Qxc6 22. Rac1 Qa4 23. Rd3 Rxd4 24. Rc7 Rad8 25. Rxd4 Bxd4 26. Qf3 Bb6 27. Rxb7 Qd1+ 28.
Kg2 Qd5 29. Bc7 Bxc7 30. Rxc7 Qxf3+ 31. Kxf3 g5 32. Rxa7 Rd1 33. Rb7 Ra1 34. Rb3 Kg7 35. g4 Rh1 36. Kg2 Ra1 37. h3 h6 38.
Kf3 f5 39. gxf5 exf5 40. e4 fxe4+ 41. Kxe4 Kg6 42. Kf3 Kh5 43.
Ke4 Ra2 44. Rf3 Kh4 45. Kf5 h5 46. Ke4 Re2+ 47. Kd3 Ra2 48. Kc4 g4 49. hxg4 Kxg4 50. Rf8 h4 51. Kb4 h3 52. f3 Kg3 53.
Rh8 Rf2 54. a4 Rxf3 55. a5 Rf4+ 56. Kb5 Rh4 57. Rd8 h2 58. Rd1 h1=Q 59. Rxh1 Rxh1 60. a6 Kf4 61. Kb6 Ke5 62. a7 Ra1 63. Kb7 Rxa7+ 1/2-1/2

[Event "MČR v rapid šachu družstev 2019"]
[Site "Teplice, Czech Republic"]
[Date "2019.09.15"]
[Round "8.12"]
[White "Krejci, Jan"]
[Black "Cech, Pavel"]
[Result "1/2-1/2"]
[TimeControl "15 min. + 5s"]
[WhiteElo "2496"]
[BlackElo "2394"]

1. Nf3 d5 2. c4 c6 3. g3 Nf6 4. b3 Bf5 5. Bb2 e6 6. Bg2 Be7 7. d3 h6 8. O-O O-O 9. Nbd2 Nbd7 10.
Qc2 Bh7 11. Rac1 a5 12. a3 Qb6 13. Rb1 Qa6 14. Qc1 Rfe8 15. Bc3 b5 16. Ne5 Nxe5 17. Bxe5 Nd7 18. Bc3 b4 19. axb4 axb4 1/2-1/2

[Event "MČR v rapid šachu družstev 2019"]
[Site "Teplice, Czech Republic"]
[Date "2019.09.15"]
[Round "8.13"]
[White "Slampa, Jan"]
[Black "Jirovsky, Milos"]
[Result "0-1"]
[TimeControl "15 min. + 5s"]
[WhiteElo "2166"]
[BlackElo "2477"]

1. d4 d5 2. c4 e6 3. Nc3 Nf6 4.
cxd5 exd5 5. Bg5 c6 6. Qc2 Na6 7.
a3 Nc7 8. e3 Be7 9. Bd3 Ne6 10. Bh4 g6 11. Nge2 Ng7 12. f3 O-O 13. O-O Be6 14. Rad1 Rc8 15. b4 Re8 16. e4 a5 17.
e5 Nd7 18. Bxe7 Rxe7 19. Ng3 axb4 20. axb4 Qb6 21. Qf2 Qxb4 22. Nce2 c5 23. Rb1 Qa3 24. Nf4 cxd4 25. Rxb7 Nxe5 26.
Rxe7 Qxe7 27. Qxd4 Nc6 28. Qe3 Qd6 29. Re1 Rd8 30. Qd2 Ne5 31. Bb1 Nc6 32. Nfh5 Ne8 33. Qg5 Rb8 34. Nf6+ Nxf6 35.
Qxf6 Qc5+ 36. Kh1 Qb4 37. Rg1 Qxb1 38. Nh5 gxh5 39. g4 Qb2 40. gxh5+ Kf8 41. Qf4 Qe5 42. Qc1 Rc8 43. Qa3+ Ne7 0-1

[Event "MČR v rapid šachu družstev 2019"]
[Site "Teplice, Czech Republic"]
[Date "2019.09.15"]
[Round "8.14"]
[White "Sokolov, Alexander"]
[Black "Horak, Jiri"]
[Result "1-0"]
[TimeControl "15 min. + 5s"]
[WhiteElo "2384"]
[BlackElo "2151"]

1. e4 e5 2. f4 exf4 3. Nf3 Nf6 4. e5 Nh5 5. d4 d5 6. Be2 g6 7. O-O c5 8. c3 Bg4 9. Na3 Nc6 10. Nc2 cxd4 11. cxd4 Be7 12.
Nfe1 Bxe2 13. Qxe2 Qb6 14. Qf2 O-O 15. Nd3 Nd8 16. Nxf4 Nxf4 17. Bxf4 Qxb2 18. Rfb1 Qc3 19. Rb3 Qc6 20.
Bh6 Re8 21. Ne3 Bf8 22. Ng4 Bxh6 23. Nxh6+ Kg7 24. Rh3 Qe6 25. Rf1 Rc8 26. Qh4 Rh8 27. Qg5 Kf8 28. Rhf3 Ke8 29. h4 Qe7 30.
Nxf7 Nxf7 31. Qxe7+ Kxe7 32. Rxf7+ Ke8 33. Kh2 Rc1 34. Rxc1 Kxf7 35. Rc7+ Ke6 36. Rxb7 Rc8 37. Rxa7 Rc4 38. Rxh7 Rxd4 39. Kg3 Kxe5 40. Re7+ Kf5 41. Rf7+ Ke5 42. Re7+ Kf5 43. Rf7+ Ke6 44.
Rf8 Ra4 45. Re8+ Kf5 46. Rf8+ Ke4 47. Rf4+ 1-0

[Event "MČR v rapid šachu družstev 2019"]
[Site "Teplice, Czech Republic"]
[Date "2019.09.15"]
[Round "8.15"]
[White "Nudcenko, Karel"]
[Black "Dolezal, Radoslav"]
[Result "0-1"]
[TimeControl "15 min. + 5s"]
[WhiteElo "2110"]
[BlackElo "2363"]

1. e4 c6 2. Nc3 d5 3. Nf3 Bg4 4. h3 Bxf3 5. Qxf3 e6 6. exd5 cxd5 7. Bb5+ Nc6 8. O-O Nf6 9. d3 Be7 10. Qg3 O-O 11. f4 Qb6+ 12. Kh1 d4 13. Bxc6 dxc3 14. Be4 cxb2 15. Rb1 bxc1=Q 16. Rfxc1 Nxe4 17. dxe4 Qc6 18. e5 Rfd8 19. c4 Rd2 20. Rc3 Rad8 21. Qg4 Qe4 0-1

[Event "MČR v rapid šachu družstev 2019"]
[Site "Teplice, Czech Republic"]
[Date "2019.09.15"]
[Round "8.16"]
[White "Postupa, Pavel"]
[Black "Tichy, Lukas"]
[Result "0-1"]
[TimeControl "15 min. + 5s"]
[WhiteElo "2203"]
[BlackElo "1869"]

1. e4 e6 2. d4 d5 3. Nd2 a6 4. Ngf3 c5 5.
exd5 exd5 6. Be2 Nf6 7. O-O Nc6 8. dxc5 Bxc5 9. Nb3 Bb6 10. Bg5 O-O 11. Nfd4 Re8 12. Bf3 h6 13. Be3 Ne4 14.
Rc1 Ne5 15. Nd2 Bxd4 16. Bxd4 Nxd2 17. Qxd2 Nxf3+ 18. gxf3 Bh3 19. Rfe1 Qd6 20. Qd3 Qf4 21. Kh1 Re6 22. Rg1 Rg6 23.
Rce1 Bf5 24. Qd1 Rc8 25. c3 Rcc6 26. Rg3 h5 27. Qc1 Qxc1 28. Rxc1 Rce6 29. Be3 Bd3 30. h4 Rxg3 31. fxg3 Rxe3 0-1

[Event "MČR v rapid šachu družstev 2019"]
[Site "Teplice, Czech Republic"]
[Date "2019.09.15"]
[Round "8.17"]
[White "Kourousis, Epaminondas"]
[Black "Novotny, Michal"]
[Result "1-0"]
[TimeControl "15 min. + 5s"]
[WhiteElo "2388"]
[BlackElo "2311"]

1. Nf3 e6 2. g3 d5 3. Bg2 Nf6 4. O-O Be7 5. d4 O-O 6. c4 dxc4 7. Qc2 b6 8. Nbd2 Bb7 9. Nxc4 c5 10.
dxc5 Bxc5 11. Rd1 Qc8 12. Bf4 Bd5 13. Rac1 Nc6 14. a3 Be4 15. Qa4 Qb7 16. Bd6 Rfd8 17. Bxc5 Rxd1+ 18. Rxd1 Bd5 19.
Be3 b5 20. Nd6 1-0

[Event "MČR v rapid šachu družstev 2019"]
[Site "Teplice, Czech Republic"]
[Date "2019.09.15"]
[Round "8.18"]
[White "Rolinek, Dominik"]
[Black "Burdalev, Kirill"]
[Result "0-1"]
[TimeControl "15 min. + 5s"]
[WhiteElo "1999"]
[BlackElo "2336"]

1. d4 Nf6 2. Bf4 c5 3. c3 Qb6 4. Qb3 Nc6 5. e3 d5 6. Nd2 c4 7. Qc2 Nh5 8. Bg5 h6 9. Bh4 g5 10. Be2 Ng7 11. Bg3 Bf5 12.
Qc1 Bg6 13. e4 e6 14. exd5 exd5 15. Ngf3 f6 16. O-O h5 17. h3 Nf5 18. Bh2 O-O-O 19. b3 cxb3 20. Nxb3 g4 21. hxg4 hxg4 22. Ne1 Bh6 23. Qa3 g3 24.
Bxg3 Nxg3 25. fxg3 Be3+ 26. Rf2 Qc7 27. Bg4+ f5 28. Bf3 Rh1+ 29. Kxh1 Bxf2 0-1

[Event "MČR v rapid šachu družstev 2019"]
[Site "Teplice, Czech Republic"]
[Date "2019.09.15"]
[Round "8.19"]
[White "Pribyl, Josef"]
[Black "Richtr, Zdenek"]
[Result "1-0"]
[TimeControl "15 min. + 5s"]
[WhiteElo "2285"]
[BlackElo "2114"]

1. c4 c5 2. Nf3 Nf6 3. Nc3 Nc6 4. d4 cxd4 5. Nxd4 g6 6. g3 Bg7 7. Bg2 O-O 8. O-O Qa5 9. h3 Nxd4 10. Qxd4 d6 11. Bd2 Qh5 12. Qh4 Qxh4 13. gxh4 Be6 14. b3 Rab8 15. a4 a6 16. Rac1 Rfc8 17. Be3 b6 18.
Rfd1 h5 19. Nd5 Nxd5 20. cxd5 Bd7 21. Rxc8+ Bxc8 22. Rc1 b5 23. axb5 axb5 24. Bg5 Kf8 25. Rc7 Bf6 26. e4 Bxg5 27. hxg5 Ke8 28. f4 Bd7 29. Bf1 Kd8 30. Ra7 Kc8 31. b4 Rb7 32.
Rxb7 Kxb7 33. Kf2 e6 34. Ke3 exd5 35. exd5 Bf5 36. Bxb5 Bxh3 37. Be8 Bf5 38. Bxf7 Kb6 39. Be6 Bxe6 40.
dxe6 Kc7 41. f5 h4 42. fxg6 h3 43. Kf2 d5 44. g7 1-0

[Event "MČR v rapid šachu družstev 2019"]
[Site "Teplice, Czech Republic"]
[Date "2019.09.15"]
[Round "8.20"]
[White "Hosnedl, Matyas"]
[Black "Benes, Petr"]
[Result "0-1"]
[TimeControl "15 min. + 5s"]
[WhiteElo "1858"]
[BlackElo "2147"]

1. e4 Nc6 2. d4 e5 3. Nf3 exd4 4. Bc4 Bb4+ 5. c3 dxc3 6. bxc3 Ba5 7. O-O d6 8. e5 dxe5 9. Bxf7+ Kxf7 10.
Nxe5+ Ke8 11. Qh5+ g6 12. Nxg6 Nf6 13. Qe2+ Kf7 14. Nxh8+ Qxh8 15. Re1 Qe8 16. Qc4+ Be6 17. Qh4 Qg8 18.
Bg5 Bd5 19. Qf4 Qg6 20. Rd1 Be6 21. Nd2 Qf5 22. Qh4 Rg8 23. Bxf6 Qxf6 24. Qxh7+ Qg7 25. Qh5+ Qg6 26. Qxg6+ Rxg6 27.
Ne4 Bh3 28. Ng3 Bg4 29. f3 Bb6+ 30. Kf1 Be6 31. Ne4 Bc4+ 32. Ke1 Rxg2 33. h4 Re2+ 34.
Kf1 Rxe4+ 0-1

[Event "MČR v rapid šachu družstev 2019"]
[Site "Teplice, Czech Republic"]
[Date "2019.09.15"]
[Round "8.21"]
[White "Trepka, Jan"]
[Black "Docekal, Jan"]
[Result "0-1"]
[TimeControl "15 min. + 5s"]
[WhiteElo "2209"]
[BlackElo "2302"]

1. d4 c5 2. Nf3 cxd4 3. Nxd4 Nc6 4. c4 Nf6 5. Nc3 g6 6. e4 d6 7. Be2 Bg7 8. Be3 O-O 9. f3 Bd7 10.
O-O Nxd4 11. Bxd4 Bc6 12. Qd2 a5 13. Rac1 a4 14. Rfd1 Qa5 15. Nd5 Bxd5 16. cxd5 Qxd2 17. Rxd2 Bh6 18. Rcc2 Bxd2 19. Rxd2 Rfc8 20.
Bxf6 exf6 21. Kf2 Ra5 22. Ke3 Kf8 23. Kd4 Rc1 24. Bc4 Rc5 25. b3 Ke7 26. Bd3 a3 27. h3 h5 28. Ke3 Kd8 29.
Kd4 Kc7 30. Ke3 Kb6 31. Kd4 Ka5 32. Bc4 Kb4 33. Bd3 Re1 34. Bc2 Rc1 35. Bd3 Ra1 36. Bc4 Rb1 0-1

[Event "MČR v rapid šachu družstev 2019"]
[Site "Teplice, Czech Republic"]
[Date "2019.09.15"]
[Round "8.22"]
[White "Serrano, Salvador Eduardo"]
[Black "Ruzicka, Ales"]
[Result "1/2-1/2"]
[TimeControl "15 min. + 5s"]
[WhiteElo "2350"]
[BlackElo "2119"]

1. d4 Nf6 2. Nf3 g6 3. c4 Bg7 4. g3 O-O 5. Bg2 d6 6. Nc3 Nbd7 7. O-O Re8 8. h3 e5 9. e4 exd4 10.
Nxd4 a5 11. Re1 Nc5 12. Qc2 Ne6 13. Be3 Nxd4 14. Bxd4 Nd7 15. Bxg7 Kxg7 16. Rad1 Ne5 17. b3 Be6 18. f4 Nc6 19.
f5 Bd7 20. Nd5 Nb4 21. Qb2+ f6 22. fxg6 Nxd5 23. exd5 hxg6 24. Rxe8 Qxe8 25. Qd2 b6 26. Re1 Qf7 27. g4 Re8 28.
a3 Rxe1+ 29. Qxe1 Qe8 30. Qxe8 Bxe8 31. Kf2 Bd7 32. Be4 b5 33. Bd3 bxc4 34. bxc4 c6 35. dxc6 Bxc6 36. h4 Kh6 37.
Ke3 f5 38. gxf5 gxf5 39. Be2 Kg6 40. Kf4 Kf6 41. Bd3 Bd7 42. h5 Be8 43. h6 Kg6 44. Bf1 Bf7 45. h7 Kxh7 46. Kxf5 Kg7 47.
Be2 Bg8 48. Ke4 Kf6 49. Kd4 Ke7 50. Bf3 Kd7 51. Bd5 Bh7 52. c5 dxc5+ 53. Kxc5 Kc7 54. Kb5 Kb8 55. Kxa5 Ka7 1/2-1/2

[Event "MČR v rapid šachu družstev 2019"]
[Site "Teplice, Czech Republic"]
[Date "2019.09.15"]
[Round "8.23"]
[White "Meszaros, Ludek"]
[Black "Filipi, Stepan"]
[Result "1-0"]
[TimeControl "15 min. + 5s"]
[WhiteElo "2059"]
[BlackElo "2210"]

1. e4 c5 2. Nf3 e6 3. d3 Nc6 4. g3 d6 5. Bg2 g6 6. h4 h5 7. O-O Bg7 8. c3 Nf6 9. Re1 Qc7 10. d4 e5 11. b4 cxd4 12.
b5 Ne7 13. cxd4 Bd7 14. a4 Rc8 15. dxe5 dxe5 16. Ba3 Ng4 17. Nbd2 Qb6 18. Qe2 Bf6 19. Nh2 O-O 20. Nxg4 Bxg4 21.
Bf3 Be6 22. Rac1 Qd4 23. a5 Rxc1 24. Rxc1 Rc8 25. Rxc8+ Nxc8 26. Kg2 Qc3 27. Qe3 Qxa5 28. Be2 Qa4 29. Qc3 a6 30. bxa6
bxa6 31. Bc5 Ne7 32. Bxe7 Bxe7 33. Qxe5 Qc2 34. Qd4 Bc5 35. Qd8+ Kg7 36. Bxa6 Bb4 37.
Qd4+ Kh7 38. Qxb4 Qd1 39. Qd4 Bh3+ 40. Kh2 Bg4 41. Bf1 Be2 42. Bxe2 Qxe2 43. Qe3 Qd1 44. e5 Kg7 45. Nf3 Qd5 46. Ng5 Qb7 47. e6 f6 48.
e7 1-0